 Dungeon Crawl Stone Soup version 0.20-a0-910-gb611367 (webtiles) character file.

13153 galech the Grappler (level 11, -7/102 HPs)
             Began as a Troll Monk on Mar 23, 2017.
             Was the Champion of Cheibriados.
             Mangled by an eight-headed hydra (13 damage)
             ... on level 11 of the Dungeon.
             The game lasted 00:25:39 (8672 turns).

galech the Grappler (Troll Monk)                    Turns: 8672, Time: 00:25:40

Health: -7/102     AC:  7    Str: 46    XL:     11   Next: 71%
Magic:  10/10      EV: 17    Int: 16    God:    Cheibriados [******]
Gold:   348        SH:  0    Dex: 27    Spells: 10/10 levels left

rFire    . . .     SeeInvis .     - Unarmed
rCold    . . .     Gourm    +   K - +1 robe of Pan-Flutes {*Slow Str+7 Int-5 Stlth+}
rNeg     . . .     Faith    .   (no shield)
rPois    .         Spirit   .   (helmet restricted)
rElec    .         Reflect  .   D - +0 cloak
rCorr    .         Harm     .   (gloves unavailable)
MR       ++...                  (boots unavailable)
Stlth    +++++.....             (no amulet)
Regen    0.7/turn               A - ring of protection from magic
MPRegen  0.2/turn               a - ring of wizardry

@: very slightly contaminated, studying Polearms, very slow
A: unfitting armour, claws 3, horns 1, deterioration 1, fast metabolism 3,
gourmand, magic resistance 1, regeneration 1, shaggy fur 1, tough skin 2
a: Bend Time, Temporal Distortion, Slouch, Step From Time, Renounce Religion


You were on level 11 of the Dungeon.
You worshipped Cheibriados.
Cheibriados was exalted by your worship.
You were very full.

You visited 2 branches of the dungeon, and saw 12 of its levels.

You collected 610 gold pieces.
You spent 262 gold pieces at shops.

Inventory:

Armour
 D - a +0 cloak (worn)
 K - the +1 robe of Pan-Flutes (worn) {*Slow Str+7 Int-5 Stlth+}
   (You found it on level 9 of the Dungeon)

   It affects your strength (+7).
   It affects your intelligence (-5).
   It may slow you when you take damage.
   It makes you more stealthy.
 O - a +1 robe of cold resistance
Jewellery
 a - a ring of wizardry (left claw)
 m - an uncursed ring of ice
 n - a +5 ring of intelligence
 A - a ring of protection from magic (right claw)
Wands
 p - a wand of acid (8/15)
 s - a wand of random effects (29/48)
 x - a wand of paralysis (7/24)
 y - a wand of acid (9/15)
 C - a wand of paralysis (2/24)
 I - a wand of random effects (27/48)
 L - a wand of flame (41/48)
 M - a wand of acid (4/15)
Scrolls
 c - 5 scrolls of remove curse
 d - 3 scrolls of magic mapping
 f - 2 scrolls of amnesia
 g - 3 scrolls of blinking
 l - 4 scrolls of teleportation
 r - 3 scrolls of enchant weapon
 t - 2 scrolls of immolation
 z - a scroll of fog
 G - 4 scrolls of random uselessness
 H - a scroll of enchant armour
 J - a scroll of recharging {unknown}
 N - 2 scrolls of vulnerability
Potions
 e - 2 potions of degeneration
 i - 3 potions of agility
 k - 6 potions of heal wounds
 o - 3 potions of might
 q - 2 potions of haste
 v - a potion of curing
 w - 3 potions of lignification
 F - 3 potions of flight
 Q - a potion of magic {unknown}
Books
 h - a manual of Polearms
 B - a book of Enchantments

   Spells                             Type                      Level
   a - Cause Fear                     Hexes                        4
   b - Yara's Violent Unravelling     Hexes/Transmutation          5
   c - Silence                        Hexes/Air                    5
   d - Deflect Missiles               Charms/Air                   6
   e - Discord                        Hexes                        8
Comestibles
 b - 7 bread rations
 j - 6 meat rations
 u - 5 royal jellies
 E - 29 fruits
 P - 2 chunks of flesh


   Skills:
 + Level 5.1 Fighting
 + Level 7.7 Dodging
 + Level 4.8 Stealth
 + Level 13.9 Unarmed Combat


You had 10 spell levels left.
You didn't know any spells.

Dungeon Overview and Level Annotations

Branches:
Dungeon (11/15)            Temple (1/1) D:7            Lair (0/6) D:10
    Orc: D:9-12

Altars:
Ashenzari
Cheibriados
Dithmenos
Elyvilon
Fedhas
Gozag
Hepliaklqana
Kikubaaqudgha
Makhleb
Nemelex Xobeh
Okawaru
Qazlal
Ru
Sif Muna
Trog
Uskayaw
Vehumet
Wu Jian
Xom
Yredelemnul
Zin
The Shining One
Beogh

Shops:
D:6 (   D:7 ?}=[   D:10 *

Annotations:
D:8 1 runed door
D:10 4 runed doors


Innate Abilities, Weirdness & Mutations

You are too large for most types of armour.
You have claws for hands.
Your metabolism is lightning-fast.
You like to eat raw meat.
Your natural rate of healing is unusually fast.
You are covered in fur. (AC +1)
You have very tough skin. (AC +2)
You have a pair of small horns on your head.
Your body sometimes deteriorates upon taking damage.
You are resistant to hostile enchantments. (MR+)


Message History

The eight-headed hydra bites you! x3; The eight-headed hydra bites you.
The eight-headed hydra bites you!!
* * * LOW HITPOINT WARNING * * *
A howler monkey comes into view.
Blink to where?
Press: ? - help, Dir - move target cursor You are very lightly contaminated with residual magic.
As you read the scroll of blinking, it crumbles to dust.
The howler monkey hoots and howls with incredible vigour!
The howler monkey hoots and howls with incredible vigour!
The orc warrior misses you. The eight-headed hydra bites you!
* * * LOW HITPOINT WARNING * * *
The eight-headed hydra closely misses you.
The eight-headed hydra bites you!
* * * LOW HITPOINT WARNING * * *
The eight-headed hydra bites you!
* * * LOW HITPOINT WARNING * * *
The eight-headed hydra bites you!
You die...

#.# #...#
........####..#
........##...>#
.......##.####
#..##.##.#######
#......#(...#.?. #
#...#........o.o
....##...K...........
.Z.....@Doo.h)....D..
######.##.o..o.......
#....<..............#
#.#########.#[##.....
# #.#ยง# ##### ..#.#
####.# #.# #.#


You could see an eight-headed hydra, an orc warrior, a howler monkey, an orc
priest, an orc wizard, an orc, a kobold and a centaur warrior skeleton
(wandering).

Vanquished Creatures
  Erolcha (D:9)
  Fannar (D:10)
  3 two-headed ogres
  Pikel (D:8)
  Joseph (D:7)
  2 gargoyles (D:11)
  A komodo dragon (D:8)
  A troll (D:9)
  A hippogriff (D:7)
  A vampire (D:10)
  2 wyverns
  2 hungry ghosts
  Menkaure (D:4)
  A water moccasin (D:10)
  An eye of draining (D:9)
  2 phantoms
  A hornet zombie (D:11)
  4 ice beasts
  4 sky beasts
  2 black bears (D:8)
  5 orc warriors
  2 necrophages (D:11)
  3 ogres
  3 centaurs
  4 big kobolds
  Blork the orc (D:6)
  9 bullfrogs
  2 gnoll sergeants
  A wyvern zombie (D:11)
  3 scorpions
  5 wights (D:11)
  2 howler monkeys (D:9)
  A lava snake (D:10)
  2 crimson imps
  10 hounds
  5 centaur zombies
  3 bullfrog zombies (D:11)
  2 jellies
  8 orc priests
  4 centaur skeletons
  2 iguanas
  8 orc wizards
  A bullfrog skeleton (D:5)
  6 worker ants
  A hound skeleton (D:9)
  A mummy (D:11)
  A worker ant zombie (D:5)
  Robin (D:2)
  A howler monkey skeleton (D:5)
  14 gnolls
  13 adders
  4 shadow imps
  An ooze (D:3)
  2 adder skeletons
  2 adder zombies
  3 worms
  2 dart slugs
  7 leopard geckos
  64 orcs
  2 ball pythons
  7 bats
  4 giant cockroaches
  17 goblins
  12 hobgoblins
  4 jackals
  15 kobolds
  3 quokkas
  A ball python skeleton (D:5)
  8 frilled lizards
  A quokka skeleton (D:7)
  A quokka zombie (D:5)
  9 rats
326 creatures vanquished.

Notes
Turn   | Place    | Note
-------+----------+-------------------------------------------
     0 | D:1      | galech the Troll Monk began the quest for the Orb.
     0 | D:1      | Reached XP level 1. HP: 22/22 MP: 0/0
   137 | D:1      | Reached XP level 2. HP: 29/29 MP: 1/1
   677 | D:2      | Reached XP level 3. HP: 36/36 MP: 2/2
  1012 | D:2      | Noticed Robin
  1028 | D:2      | Killed Robin
  1028 | D:2      | Reached XP level 4. HP: 40/44 MP: 3/3
  1396 | D:3      | Reached skill level 4 in Unarmed Combat
  1862 | D:4      | Reached XP level 5. HP: 48/52 MP: 4/4
  2135 | D:4      | Noticed Menkaure
  2144 | D:4      | Killed Menkaure
  2144 | D:4      | Reached skill level 5 in Unarmed Combat
  2144 | D:4      | Reached XP level 6. HP: 41/61 MP: 5/5
  2526 | D:5      | Entered Level 5 of the Dungeon
  2628 | D:5      | Reached skill level 6 in Unarmed Combat
  2656 | D:5      | Reached XP level 7. HP: 67/67 MP: 6/6
  3166 | D:5      | Reached skill level 7 in Unarmed Combat
  3351 | D:6      | Reached XP level 8. HP: 75/75 MP: 7/7
  3424 | D:6      | Reached skill level 8 in Unarmed Combat
  3485 | D:6      | Found Bouniucw's Weapon Shoppe.
  3823 | D:6      | Noticed Blork the orc
  3834 | D:6      | Killed Blork the orc
  4018 | D:6      | Reached skill level 9 in Unarmed Combat
  4142 | D:6      | Found an iron altar of Okawaru.
  4506 | D:7      | Noticed a hippogriff
  4512 | D:7      | Killed a hippogriff
  4512 | D:7      | Reached XP level 9. HP: 49/83 MP: 8/8
  4515 | D:7      | Found Mukes's Magic Scroll Shoppe.
  4521 | D:7      | Bought a scroll of identify for 20 gold pieces
  4521 | D:7      | Bought a scroll of identify for 20 gold pieces
  4521 | D:7      | Bought a scroll of identify for 20 gold pieces
  4521 | D:7      | Bought a scroll of identify for 20 gold pieces
  4521 | D:7      | Bought a scroll of enchant armour for 75 gold pieces
  4522 | D:7      | Bought a scroll of remove curse for 30 gold pieces
  4529 | D:7      | Identified a scroll of acquirement
  4586 | D:7      | Found Jock's Gadget Boutique.
  4635 | D:7      | Noticed Joseph
  4642 | D:7      | Killed Joseph
  4920 | D:7      | Found Zurept's Armour Emporium.
  4975 | D:7      | Found Gulestr Bemn's Jewellery Shoppe.
  5042 | D:7      | Reached skill level 5 in Dodging
  5042 | D:7      | Reached skill level 10 in Unarmed Combat
  5092 | D:7      | Found a staircase to the Ecumenical Temple.
  5316 | Temple   | Entered the Ecumenical Temple
  5331 | Temple   | Became a worshipper of Cheibriados the Contemplative
  5331 | Temple   | Reached * piety under Cheibriados
  5331 | Temple   | Reached ** piety under Cheibriados
  5466 | D:8      | Found a white marble altar of Elyvilon.
  5466 | D:8      | Noticed an angel
  5467 | D:8      | Found a runed door.
  5518 | D:8      | Noticed a two-headed ogre
  5528 | D:8      | Killed a two-headed ogre
  5771 | D:8      | Reached skill level 11 in Unarmed Combat
  5830 | D:8      | Noticed a komodo dragon
  5838 | D:8      | Killed a komodo dragon
  5838 | D:8      | Reached XP level 10. HP: 22/93 MP: 9/9
  6145 | D:8      | Noticed Pikel
  6157 | D:8      | Killed Pikel
  6159 | D:8      | Reached *** piety under Cheibriados
  6352 | D:9      | Gained mutation: You possess an exceptional clarity of mind. [mutagenic meat]
  6453 | D:9      | Found a roughly hewn altar of Beogh.
  6493 | D:9      | Gained mutation: You are partially covered in icy blue scales. (AC +2) [mutagenic meat]
  6495 | D:9      | Gained mutation: You are mostly covered in icy blue scales. (AC +3) [mutagenic meat]
  6496 | D:9      | Gained mutation: You expend magic power (3 MP) to strengthen your wands. [mutagenic meat]
  6522 | D:9      | Reached **** piety under Cheibriados
  6600 | D:9      | Reached skill level 12 in Unarmed Combat
  6797 | D:9      | Noticed Erolcha
  6802 | D:9      | Reached ***** piety under Cheibriados
  6955 | D:9      | Got a twisted robe
  6966 | D:9      | Identified the +1 robe of Pan-Flutes {*Slow Str+7 Int-5 Stlth+} (You found it on level 9 of the Dungeon)
  7167 | D:9      | Paralysed by Erolcha for 3 turns
  7177 | D:9      | Killed Erolcha
  7286 | D:10     | Entered Level 10 of the Dungeon
  7310 | D:10     | Found a huge runed gate.
  7311 | D:10     | Found a huge runed gate.
  7312 | D:10     | Found a huge runed gate.
  7313 | D:10     | Found a huge runed gate.
  7313 | D:10     | Noticed a manticore
  7366 | D:10     | Found Yngeum's General Store.
  7393 | D:10     | Bought a scroll of identify for 22 gold pieces
  7393 | D:10     | Bought a potion of heal wounds for 55 gold pieces
  7429 | D:10     | Noticed a two-headed ogre
  7438 | D:10     | Killed a two-headed ogre
  7438 | D:10     | Reached skill level 13 in Unarmed Combat
  7438 | D:10     | Reached XP level 11. HP: 101/101 MP: 10/10
  7502 | D:9      | Gained mutation: You are frail. (-10% HP) [mutagenic meat]
  7503 | D:9      | Gained mutation: You are clumsy. (Dex -2) [mutagenic meat]
  7504 | D:9      | Gained mutation: Armour fits poorly on your strangely shaped body. [mutagenic meat]
  7505 | D:9      | Gained mutation: Your magical capacity is low. (-10% MP) [mutagenic meat]
  7506 | D:9      | Gained mutation: Scrolls take you a little longer to read. [mutagenic meat]
  7507 | D:9      | Gained mutation: You are partially covered in thin metallic scales. (AC +2) [mutagenic meat]
  7508 | D:9      | Lost mutation: Armour fits poorly on your strangely shaped body. [potion of mutation]
  7508 | D:9      | Lost mutation: You are clumsy. (Dex -2) [potion of mutation]
  7508 | D:9      | Lost mutation: You are mostly covered in icy blue scales. (AC +3) [potion of mutation]
  7508 | D:9      | Lost mutation: You are frail. (-10% HP) [potion of mutation]
  7508 | D:9      | Lost mutation: Scrolls take you a little longer to read. [potion of mutation]
  7508 | D:9      | Lost mutation: You expend magic power (3 MP) to strengthen your wands. [potion of mutation]
  7508 | D:9      | Lost mutation: Your magical capacity is low. (-10% MP) [potion of mutation]
  7508 | D:9      | Gained mutation: You are partially covered in large bone plates. (SH +4) [potion of mutation]
  7509 | D:9      | Lost mutation: You possess an exceptional clarity of mind. [potion of mutation]
  7509 | D:9      | Lost mutation: You are partially covered in thin metallic scales. (AC +2) [potion of mutation]
  7509 | D:9      | Lost mutation: You are partially covered in icy blue scales. (AC +2) [potion of mutation]
  7509 | D:9      | Gained mutation: Armour fits poorly on your strangely shaped body. [potion of mutation]
  7509 | D:9      | Gained mutation: Your system is resistant to poisons. (rPois) [potion of mutation]
  7509 | D:9      | Gained mutation: You have sharp toenails. [potion of mutation]
  7510 | D:9      | Lost mutation: Armour fits poorly on your strangely shaped body. [potion of mutation]
  7510 | D:9      | Lost mutation: You have sharp toenails. [potion of mutation]
  7510 | D:9      | Gained mutation: Scrolls take you a little longer to read. [potion of mutation]
  7510 | D:9      | Gained mutation: You passively map a small area around you. [potion of mutation]
  7511 | D:9      | Lost mutation: You passively map a small area around you. [potion of mutation]
  7511 | D:9      | Lost mutation: Your system is resistant to poisons. (rPois) [potion of mutation]
  7511 | D:9      | Lost mutation: Scrolls take you a little longer to read. [potion of mutation]
  7511 | D:9      | Gained mutation: Your magical capacity is low. (-10% MP) [potion of mutation]
  7511 | D:9      | Gained mutation: You have a pair of small horns on your head. [potion of mutation]
  7511 | D:9      | Gained mutation: You have large cloven feet. [potion of mutation]
  7512 | D:9      | Lost mutation: You have large cloven feet. [potion of mutation]
  7512 | D:9      | Lost mutation: Your magical capacity is low. (-10% MP) [potion of mutation]
  7512 | D:9      | Lost mutation: You are partially covered in large bone plates. (SH +4) [potion of mutation]
  7512 | D:9      | Gained mutation: Your body sometimes deteriorates upon taking damage. [potion of mutation]
  7512 | D:9      | Gained mutation: You are resistant to hostile enchantments. (MR+) [potion of mutation]
  7696 | D:10     | Noticed Fannar
  7835 | D:10     | Killed Fannar
  7878 | D:10     | Found a staircase to the Lair.
  8344 | D:11     | Noticed a two-headed ogre
  8350 | D:11     | Killed a two-headed ogre
  8388 | D:11     | Reached skill level 5 in Fighting
  8644 | D:11     | Reached ****** piety under Cheibriados
  8657 | D:11     | Noticed a seven-headed hydra
  8672 | D:11     | Mangled by an eight-headed hydra

Vault maps used:
D:1:      dpeg_arrival_rooms_with_view
D:2:      uniq_robin
D:4:      minmay_misc_feat_chi, uniq_menkaure
D:5:      first_bread, serial_park_tiny_2
D:6:      okawaru_altar_gauntlet_db, serial_shops, nicolae_shop_behind_doors,
          uniq_blork_the_orc
D:7:      minmay_temple_entry_nine_rooms, serial_shops, shop, kennysheep_mini,
          shop_scrolls, shop, uniq_joseph
D:8:      blue_anna_alchemist, lemuel_angel_altar, uniq_pikel
D:9:      roderic_lattice_a, uniq_erolcha
D:10:     lemuel_bear_cage, lair_entry_dummy, serial_shops, shop_fountains,
          kennysheep_dice, uniq_fannar
D:11:     serial_undead, serial_undead_f, serial_undead_c, serial_undead_f,
          serial_undead_b, serial_undead_d, serial_undead_d
Temple:   nicolae_temple_the_god_donut

Skill      XL: |  1  2  3  4  5  6  7  8  9 10 11 |
---------------+----------------------------------+-----
Unarmed Combat | 4 5 6 7 9 11 13 | 13.9
Dodging        | 3 4 5 6 7 |  7.7
Fighting       | 3 4 5 |  5.1
Stealth        | 2 3 4 |  4.8

Action                   |  1- 3 |  4- 6 |  7- 9 | 10-12 || total
-------------------------+-------+-------+-------+-------++-------
Melee: Unarmed           |    99 |   163 |   252 |   323 ||   837
       Punch             |     1 |     4 |    15 |    23 ||    43
       Headbutt          |       |       |       |    44 ||    44
  Use: Scroll            |       |       |    15 |     8 ||    23
       Potion            |       |       |       |     5 ||     5
 Stab: Sleeping          |     4 |     5 |     8 |    14 ||    31
       Distracted        |       |     1 |       |     2 ||     3
  Eat: Chunk             |    15 |    15 |    34 |    32 ||    96
       Fruit             |       |       |       |     1 ||     1
Armor: Robe              |    30 |    55 |    70 |   106 ||   261
Dodge: Dodged            |    40 |    96 |   140 |   328 ||   604
